Map: Prion Terraces

Players

RotterdaM - Winner!

  • Race: Protoss Protoss
  • League: Master

HeroMarine

  • Race: Terran Terran
  • League: Grandmaster

Event: Homestory Cup XII

VOD

Have the link to the VOD?

Description

Time

  • Played on: Dec. 18, 2015, 1:23 p.m.
  • Length: 6:32

All games in this series

Show
View Real Time Build Order
Export as new Build Order

RotterdaM Protoss - Winner!

Build Orders: 1 Gate Expand 

Get SALT Encoding   

  12  0:01  Probe (Chrono Boost)  
  13  0:11  Probe (Chrono Boost)  
  14  0:18  Pylon  
  14  0:22  Probe (Chrono Boost)  
  15  0:36  Gateway  
  15  0:38  Probe (Chrono Boost)  
  16  0:44  Assimilator  
  16  0:49  Probe (Chrono Boost)  
  17  0:59  Probe (Chrono Boost)  
  18  1:17  Nexus  
  18  1:27  Cybernetics Core  
  18  1:30  Probe (Chrono Boost)  
  19  1:39  Pylon  
  19  1:41  Probe (Chrono Boost)  
  20  1:47  Assimilator  
  20  1:51  Probe (Chrono Boost)  
  21  2:02  Stalker (Chrono Boost), Probe (Chrono Boost)  
  21  2:04  Warp Gate  
  24  2:14  Probe (Chrono Boost)  
  25  2:24  Pylon  
  25  2:25  Probe (Chrono Boost)  
  26  2:30  Adept  
  26  2:32  Probe (Chrono Boost)  
  26  2:36  Probe (Chrono Boost)  
  30  2:43  Probe (Chrono Boost)  
  31  2:46  Probe (Chrono Boost)  
  31  2:47  Twilight Council  
  32  2:54  Probe (Chrono Boost)  
  32  2:57  Mothership Core (Chrono Boost)  
  35  3:01  Adept  
  37  3:06  Pylon  
  37  3:08  Probe (Chrono Boost)  
  38  3:16  Probe (Chrono Boost)  
  38  3:19  Probe (Chrono Boost)  
  40  3:25  Resonating Glaives  
  40  3:26  Probe (Chrono Boost)  
  41  3:28  Robotics Facility  
  41  3:32  Probe (Chrono Boost)  
  42  3:37  Probe (Chrono Boost)  
  43  3:43  Probe (Chrono Boost), Pylon  
  44  3:49  Gateway  
  44  3:52  Probe (Chrono Boost)  
  44  3:53  Probe (Chrono Boost)  
  46  3:57  Pylon  
  46  4:05  Gateway  
  46  4:06  Pylon  
  44  4:13  Gateway  
  44  4:15  Warp Prism (Chrono Boost)  
  46  4:22  Gateway  
  46  4:26  Gateway  
  46  4:33  Gateway  
  46  4:41  Pylon  
  46  4:43  Gateway  
  46  4:50  Observer (Chrono Boost)  
  47  4:53  Adept  
  49  5:08  Warp Prism (Chrono Boost)  
  51  5:32  Adept  
  51  5:33  Adept x4  
  51  5:34  Adept x2  
  47  5:54  Adept x4  
  47  5:55  Adept x4  
  61  6:14  Adept  
  61  6:15  Adept x6  
  61  6:16  Adept  
Show
View Real Time Build Order
Export as new Build Order

HeroMarine Terran 

Build Orders:  

Get SALT Encoding   

  12  0:00  SCV  
  13  0:12  SCV  
  14  0:17  Supply Depot  
  14  0:24  SCV  
  15  0:39  SCV  
  15  0:40  Barracks  
  16  0:44  Refinery  
  16  0:51  SCV  
  17  1:03  SCV  
  18  1:15  SCV  
  19  1:28  Barracks Reactor  
  19  1:29  Orbital Command  
  19  1:39  Command Center  
  19  1:46  Supply Depot  
  19  1:54  SCV  
  20  2:03  Marine  
  20  2:04  Marine  
  20  2:07  SCV  
  23  2:10  Factory  
  23  2:19  SCV  
  23  2:21  Marine  
  23  2:22  Marine  
  26  2:31  SCV, Bunker  
  27  2:39  Marine  
  27  2:40  Marine  
  27  2:43  SCV  
  30  2:51  Orbital Command  
  30  2:55  Factory Tech Lab, SCV  
  31  2:59  Marine x2  
  33  3:07  SCV  
  34  3:13  Cyclone  
  34  3:17  SCV  
  34  3:19  SCV  
  39  3:28  Command Center  
  39  3:32  SCV x2  
  41  3:36  Supply Depot  
  41  3:39  Refinery  
  41  3:44  SCV x2, Marine  
  41  3:48  Marine  
  45  3:57  Siege Tank  
  45  4:00  SCV  
  45  4:01  Barracks  
  49  4:05  SCV  
  49  4:07  Supply Depot  
  49  4:08  Marine  
  51  4:10  Marine  
  51  4:13  SCV  
  53  4:17  SCV  
  53  4:23  Barracks  
  54  4:29  SCV x2  
  56  4:32  Marine x2  
  56  4:35  Factory Tech Lab  
  58  4:39  Engineering Bay  
  58  4:40  Engineering Bay  
  58  4:41  Orbital Command  
  58  4:43  SCV  
  58  4:45  SCV  
  60  4:49  Marine x2  
  62  4:55  SCV, Supply Depot  
  62  4:59  Marine  
  65  5:05  Refinery  
  65  5:08  Siege Tank, Marine  
  65  5:11  Marine  
  69  5:16  Supply Depot  
  69  5:17  Supply Depot  
  69  5:19  Missile Turret, Marine  
  71  5:26  Marine  
  71  5:29  SCV, Bunker, Marine  
  71  5:30  SCV  
  73  5:37  Marine  
  73  5:42  SCV x2  
  68  5:43  Marine  
  68  5:44  Marine  
  68  5:46  SCV  
  68  5:47  Marine  
  57  5:54  SCV, Marine  
  58  6:00  Marine  
  58  6:03  Marine  
  60  6:06  Marine  
  60  6:12  Marine  
Tags
 
Add a new tag
Caveats
  • Supply blocks, unpowered buildings, or Contaminate may cause inaccurate times.
  • Supply counts are checked every 10 seconds.